 Dungeon Crawl Stone Soup version 0.30-a0-1050-g2766ea1e55 (webtiles) character file.

Game seed: 8013114892537558012

13776 Querens the Thaumaturge (level 11, -8/59 HPs)
             Began as a Deep Elf Conjurer on Apr 11, 2023.
             Was a Believer of Vehumet.
             Killed from afar by a gargoyle (26 damage)
             ... with a stone arrow
             ... on level 12 of the Dungeon.
             The game lasted 00:45:23 (8079 turns).

Querens the Thaumaturge (Deep Elf Conjurer)         Turns: 8079, Time: 00:45:23

Health: -8/59      AC: 16    Str:  4    XL:     11   Next: 80%
Magic:  1/31       EV:  9    Int: 28    God:    Vehumet [**....]
Gold:   442        SH:  0    Dex: 13    Spells: 22/39 levels left

rFire   . . .      SeeInvis +    l - +2 dagger (vamp)
rCold   . . .      Faith    .    (no shield)
rNeg    . . .      Spirit   .    D - +2 swamp dragon scales
rPois   +          Reflect  .    (no helmet)
rElec   .          Rampage  .    (no cloak)
rCorr   .                        (no gloves)
Will    +....                    E - +2 pair of boots
Stlth   +                        (no amulet)
HPRegen 0.29/turn                d - ring of see invisible
MPRegen 0.22/turn                n - +4 ring of protection

@: very slightly contaminated
A: no striking features
a: Renounce Religion


You were on level 12 of the Dungeon.
You worshipped Vehumet.
Vehumet was pleased with you.
You visited 2 branches of the dungeon, and saw 13 of its levels.
You also visited: Bailey.

You collected 637 gold pieces.
You spent 195 gold pieces at shops.

Inventory:

Hand Weapons
 l - a +2 vampiric dagger (weapon)
 o - a +1 sling of flaming
 G - the +0 war axe of Hacking and Slashing {heavy, rPois rCorr}
   (You found it on level 8 of the Dungeon)

   rPois:     It protects you from poison.
   rCorr:     It protects you from acid and corrosion.
 I - a +2 short sword of speed
Missiles
 s - 2 throwing nets
 y - a curare-tipped dart
Armour
 a - a +0 robe
 t - +0 steam dragon scales
 D - +2 swamp dragon scales (worn)
 E - a +2 pair of boots (worn)
 N - +0 acid dragon scales
Jewellery
 d - a ring of see invisible (left hand)
 n - a +4 ring of protection (right hand)
 K - a ring of protection from cold
 P - a ring of resist corrosion
 Q - a ring of protection from fire
Wands
 p - a wand of flame (14)
 C - a wand of quicksilver (5)
 M - a wand of charming (4)
 O - a wand of digging (2)
Scrolls
 c - 6 scrolls of enchant armour
 e - 7 scrolls of teleportation
 h - a scroll of silence
 i - a scroll of poison
 v - a scroll of fear
 w - a scroll of summoning
 x - 2 scrolls of amnesia
 B - 2 scrolls of immolation
 H - 3 scrolls of enchant weapon
 J - a scroll of identify
 L - a scroll of noise {unknown}
Potions
 b - 2 potions of magic
 f - 4 potions of might
 g - 3 potions of heal wounds
 j - a potion of invisibility
 k - 2 potions of brilliance
 m - 2 potions of resistance
 q - 6 potions of haste
 r - 2 potions of mutation
 u - a potion of attraction
 z - 3 potions of lignification {unknown}
 A - 4 potions of curing {unknown}
 F - 2 potions of cancellation {unknown}


   Skills:
 + Level 2.6 Fighting
 + Level 4.7 Dodging
 - Level 2.4 Stealth
 + Level 14.9 Spellcasting
 + Level 13.2 Conjurations
 - Level 10.0 Translocations


You had 22 spell levels left.
You knew the following spells:

 Your Spells              Type           Power      Damage    Failure   Level
a - Magic Dart            Conj           100%       1d8       1%          1
b - Searing Ray           Conj           100%       2d8       1%          2
c - Iskenderun's Mystic   Conj/Tloc      72%        2d15      1%          4
d - Dazzling Flash        Conj/Hex       100%       N/A       3%          3
e - Fulminant Prism       Conj/Hex       27%        3d14      10%         4
f - Mephitic Cloud        Conj/Pois/Air  45%        N/A       8%          3

Your spell library contained the following spells:

 Spells                   Type           Power      Damage    Failure   Level
 Poisonous Vapours        Pois/Air       40%        N/A       22%         2
 Shock                    Conj/Air       100%       1d9       1%          1
 Flame Wave               Conj/Fire      55%        2d13      10%         4
 Sticky Flame             Conj/Fire      55%        2d7       10%         4
 Call Imp                 Summ           40%        N/A       22%         2
 Ensorcelled Hibernation  Hex/Ice        40%        N/A       22%         2
 Sublimation of Blood     Necr           20%        N/A       22%         2
 Wereblood                Tmut           20%        N/A       22%         2
 Ignite Poison            Fire/Tmut/Pois 20%        N/A       41%         3
 Inner Flame              Hex/Fire       20%        N/A       41%         3
 Spider Form              Tmut/Pois      20%        N/A       41%         3
 Swiftness                Air            20%        N/A       41%         3
 Airstrike                Air            10%        2d(2-18)  83%         4
 Anguish                  Hex/Necr       10%        N/A       83%         4
 Summon Hydra             Summ           10%        N/A       100%        7
 Ignition                 Fire           10%        3d5       100%        8


Dungeon Overview and Level Annotations

Branches:
Dungeon (12/15)            Temple (1/1) D:4            Lair (0/5) D:9
 Bailey (visited)
    Orc: D:9-12

Altars:
Ashenzari
Cheibriados
Dithmenos
Elyvilon
Fedhas
Gozag
Hepliaklqana
Kikubaaqudgha
Makhleb
Nemelex Xobeh
Okawaru
Qazlal
Ru
Sif Muna
Trog
Uskayaw
Vehumet
Wu Jian
Xom
Yredelemnul
Zin
The Shining One

Shops:
D:4 ?(

Portals:
Trove: D:10 (give 2 scrolls of acquirement)


Message History

Aiming: Fulminant Prism (dangerous; 10% risk of failure)
Press: ? - help, Dir - move target, f - gargoyle
Aim: a gargoyle, wielding a +0 morningstar (heavily damaged)
Okay, then.
As you read the scroll of fear, it crumbles to dust.
You assume a fearsome visage.
The gargoyle is unaffected.
The cyclops looks frightened!
The gargoyle hurls a stone arrow at you.
The stone arrow misses you.
You feel much better.
The gargoyle hurls a stone arrow at you.
The stone arrow hits you!
Casting: Fulminant Prism (dangerous; 10% risk of failure)
Confirm with . or Enter, or press ? or * to list all spells.
Aiming: Fulminant Prism (dangerous; 10% risk of failure)
Press: ? - help, Dir - move target You conjure a prism of explosive energy!
A fulminant prism comes into view.
Your fulminant prism crackles loudly.
Your fulminant prism explodes!
The blast of energy engulfs the gargoyle!
The gargoyle is almost destroyed.
Casting: Fulminant Prism (dangerous; 10% risk of failure)
Confirm with . or Enter, or press ? or * to list all spells.
Aiming: Searing Ray (safe; 1% risk of failure)
Press: ? - help, Shift-Dir - straight line, f - gargoyle
Aim: a gargoyle, wielding a +0 morningstar (almost destroyed, 92% to hit)
The searing ray hits the gargoyle.
The gargoyle is almost destroyed. (Press . to maintain the ray.)
The gargoyle hurls a stone arrow at you.
The stone arrow hits you.
* * * LOW HITPOINT WARNING * * *
The searing ray hits the gargoyle but does no damage.
The gargoyle is almost destroyed.
The searing ray hits the gargoyle but does no damage.
The gargoyle is almost destroyed.
The gargoyle hurls a stone arrow at you.
The stone arrow hits you!!
You die...

+.....# ##.## #####.....#
#...# .........###.#.##
#............#..#
#...........###.## y
#............##..# ...
#..........#.###.##
..⌠..######..........#..##..#
......C.......9@..#####.###.##
....#########.....# #..##..# .
#.....# ##.###.## #.....#
#..##..# #.....#### ##.###.##
#........# #.. #..# #........#
##.###.# ########## #......
#######


You could see a gargoyle.

Vanquished Creatures
  2 two-headed ogres
  A boulder beetle (D:10)
  2 manticores (D:11)
  2 ugly things
  Maggie (D:7)
  2 unseen horrors
  2 trolls (D:11)
  Sigmund (D:3)
  3 spriggans (Bailey)
  A wyvern (D:8)
  7 yaks
  2 wraiths
  7 vampire mosquitoes
  2 steam dragons
  Edmund (D:6)
  3 acid dragons
  Menkaure (D:7)
  2 water moccasins (D:7)
  5 black bears
  2 ice beasts
  4 orc warriors
  A sky beast (D:7)
  8 ogres
  7 centaurs
  A phantom (D:5)
  3 kobold brigands
  2 bullfrogs
  3 gnoll sergeants
  3 scorpions (D:4)
  9 wights
  5 killer bees (D:10)
  5 howler monkeys
  3 jellies
  6 orc priests
  5 hounds
  2 sleepcaps (D:6)
  Jessica (D:2)
  Terence (D:3)
  3 iguanas
  12 orc wizards
  14 adders
  24 gnolls
  A shadow imp (D:8)
  A white imp (D:6)
  4 ufetubi
  4 dart slugs
  29 orcs
  6 ball pythons
  7 endoplasms
  4 giant cockroaches
  11 goblins
  12 hobgoblins
  4 jackals (D:4)
  19 kobolds
  A quokka (D:4)
  7 bats
  A frilled lizard (D:1)
  3 rats (D:3)
  A fulminant prism (D:10)
286 creatures vanquished.

Vanquished Creatures (others)
  15 fulminant prisms
  10 plants (D:8)
25 creatures vanquished.

Grand Total: 311 creatures vanquished

Notes
Turn   | Place    | Note
-------+----------+-------------------------------------------
     0 | D:1      | Querens the Deep Elf Conjurer began the quest for the Orb.
     0 | D:1      | Reached XP level 1. HP: 10/10 MP: 6/6
   114 | D:1      | Reached XP level 2. HP: 15/15 MP: 0/8
   132 | D:1      | Learned a level 2 spell: Searing Ray
   682 | D:1      | Reached skill level 4 in Spellcasting
   791 | D:2      | Reached skill level 5 in Conjurations
   791 | D:2      | Reached XP level 3. HP: 19/19 MP: 5/10
   966 | D:2      | Noticed Jessica
   988 | D:2      | Killed Jessica
  1209 | D:2      | Reached XP level 4. HP: 24/24 MP: 7/12
  1272 | D:2      | Reached skill level 5 in Spellcasting
  1471 | D:2      | Learned a level 4 spell: Iskenderun's Mystic Blast
  1475 | D:2      | Learned a level 3 spell: Dazzling Flash
  1577 | D:3      | Noticed Sigmund
  1714 | D:3      | Noticed Terence
  1715 | D:3      | Found a sparkling altar of Nemelex Xobeh.
  1719 | D:3      | Killed Terence
  1720 | D:3      | Reached XP level 5. HP: 16/28 MP: 9/14
  1787 | D:3      | Found a faded altar of an unknown god.
  2096 | D:3      | Killed Sigmund
  2097 | D:3      | Reached skill level 6 in Spellcasting
  2097 | D:3      | Reached XP level 6. HP: 25/32 MP: 7/17
  2128 | D:4      | Found a burning altar of Makhleb.
  2192 | D:4      | Reached skill level 7 in Spellcasting
  2206 | D:4      | Found an ornate altar of the Wu Jian Council.
  2281 | D:4      | Found a shimmering altar of Xom.
  2341 | D:4      | Found Dorphimi's Magic Scroll Shoppe.
  2344 | D:4      | Bought a scroll of fear for 40 gold pieces
  2344 | D:4      | Bought a scroll of identify for 20 gold pieces
  2344 | D:4      | Bought a scroll of enchant armour for 75 gold pieces
  2344 | D:4      | Bought a scroll of identify for 20 gold pieces
  2344 | D:4      | Bought a scroll of vulnerability for 40 gold pieces
  2392 | D:4      | Found Geilykor's Antique Weapon Emporium.
  2417 | D:4      | Found a staircase to the Ecumenical Temple.
  2428 | Temple   | Entered the Ecumenical Temple
  2449 | D:4      | Reached XP level 7. HP: 36/36 MP: 13/20
  2460 | D:4      | Reached skill level 8 in Spellcasting
  2769 | D:4      | Learned a level 4 spell: Fulminant Prism
  2770 | D:5      | Entered Level 5 of the Dungeon
  2879 | D:5      | Found a white marble altar of Elyvilon.
  2879 | D:5      | Found a glowing silver altar of Zin.
  2879 | D:5      | Found a glowing golden altar of the Shining One.
  2967 | D:5      | Reached skill level 1 in Translocations
  3018 | D:5      | Reached XP level 8. HP: 41/41 MP: 6/22
  3061 | D:5      | Reached skill level 9 in Spellcasting
  3118 | D:5      | Identified the +1 chain mail "Xemikhirygh" {rF+ Will+
                  | Dex+3}
  3596 | D:6      | Found an iron altar of Okawaru.
  3786 | D:6      | Reached skill level 10 in Spellcasting
  3888 | D:6      | Noticed Edmund
  3948 | D:6      | Killed Edmund
  3949 | D:6      | Reached XP level 9. HP: 25/45 MP: 1/25
  3996 | D:6      | Reached skill level 5 in Translocations
  4000 | D:6      | Found a snail-covered altar of Cheibriados.
  4139 | D:7      | Learned a level 3 spell: Mephitic Cloud
  4252 | D:7      | Reached skill level 10 in Conjurations
  4257 | D:7      | Reached skill level 11 in Spellcasting
  4285 | D:7      | Noticed Maggie
  4314 | D:7      | Killed Maggie
  4611 | D:7      | Noticed Menkaure
  4619 | D:7      | Killed Menkaure
  4870 | D:8      | Reached skill level 12 in Spellcasting
  4888 | D:8      | Reached XP level 10. HP: 46/50 MP: 2/28
  4925 | D:8      | Identified the +0 war axe of Hacking and Slashing {heavy,
                  | rPois rCorr}
  5064 | D:8      | Found a basalt altar of Yredelemnul.
  5120 | D:8      | Found a shimmering blue altar of Sif Muna.
  5127 | D:8      | Found a radiant altar of Vehumet.
  5157 | D:8      | Became a worshipper of Vehumet
  5515 | D:9      | Found a bloodstained altar of Trog.
  5749 | D:9      | Found a staircase to the Lair.
  6041 | D:10     | Entered Level 10 of the Dungeon
  6053 | D:10     | Reached skill level 13 in Spellcasting
  6106 | D:10     | Found a blossoming altar of Fedhas.
  6150 | D:10     | Found a flagged portal.
  6157 | D:10     | Reached * piety under Vehumet
  6157 | D:10     | Offered knowledge of Kiss of Death by Vehumet.
  6300 | Bailey   | Entered a bailey
  6351 | Bailey   | Reached XP level 11. HP: 52/54 MP: 9/30
  6455 | Bailey   | Noticed a two-headed ogre
  6469 | Bailey   | Killed a two-headed ogre
  6744 | D:10     | Reached skill level 14 in Spellcasting
  6776 | D:10     | Found a portal to a secret trove of treasure.
  6900 | D:10     | Noticed a boulder beetle
  6913 | D:10     | Killed a boulder beetle
  7034 | D:11     | Noticed a two-headed ogre
  7046 | D:11     | Killed a two-headed ogre
  7134 | D:11     | Reached skill level 10 in Translocations
  7142 | D:11     | Offered knowledge of Poisonous Vapours by Vehumet.
  7198 | D:11     | Reached ** piety under Vehumet
  7249 | D:11     | Noticed a white ugly thing
  7258 | D:11     | Killed a white ugly thing
  7260 | D:11     | Reached skill level 1 in Fighting
  7864 | D:12     | Noticed a red ugly thing
  7870 | D:12     | Killed a red ugly thing
  8079 | D:12     | Killed from afar by a gargoyle

Illustrated notes

Levels and vault maps discovered:
D:1:      dpeg_chamrin_arrival_tetris, layout_basic
D:2:      layout_basic, chequers_serial_rivers_small_b, uniq_jessica
D:3:      layout_rooms, nemelex_spade_bored_becter,
          nicolae_ecumenical_lake_church, uniq_terence, uniq_sigmund
D:4:      layout_gridville, mainiacjoe_overflow_surrounded_room,
          amcnicky_altar_gilded, mainiacjoe_overflow_brackets,
          minmay_temple_entry_slanted, serial_shops, nicolae_shop_behind_doors,
          shop
D:5:      layout_layer_cave, dreamdust_divine_triumvirate
D:6:      layout_rooms, nicolae_overflow_crystal_walls, okawaru_trees_1,
          kennysheep_generic_room_13, uniq_edmund
D:7:      layout_basic, minmay_misc_feat_hallway, solitary_fountain,
          uniq_menkaure, uniq_maggie
D:8:      layout_cave_pools, jmf_multi_god_temple, overflow_temple_1_default,
          nicolae_grassy_gnolls
D:9:      layout_basic, trog_ov_bears_minmay, lair_entry_dummy
D:10:     layout_loops_ring, mainiacjoe_overflow_tiny_flanked, enter_bailey_5,
          nicolae_trove_entry_diagonal
D:11:     layout_loops_ring, serial_aquarium, aquarium_bridge_long_joined
          [aquarium_subvault_wall, aquarium_subvault_wall,
          aquarium_subvault_wall, aquarium_subvault_bridge,
          aquarium_subvault_bridge, aquarium_subvault_wall],
          aquarium_window_fake, aquarium_window_fake, aquarium_window_2,
          aquarium_window_fake, aquarium_view_2c
D:12:     layout_irregular_city, david_orc_1_choice, nrook_mini_vaults,
          grunt_ministairs_1, hangedman_decor_push, nicolae_benzene_ring,
          chequers_jeans, zin_purify
Temple:   hellmonk_temple_rainy

Skill      XL: |  1  2  3  4  5  6  7  8  9 10 11 |
---------------+----------------------------------+-----
Spellcasting   | 4 5 6 7 8 10 12 13 14 | 14.9
Conjurations   | 5 6 7 8 9 10 12 13 | 13.2
Translocations | 2 4 7 9 10 | 10.0
Dodging        | 4 |  4.7
Fighting       | 2 |  2.6
Stealth        | |  2.4

Action                     |  1- 3 |  4- 6 |  7- 9 | 10-12 || total
---------------------------+-------+-------+-------+-------++-------
  Melee: Dagger            |    24 |    46 |   112 |    34 ||   216
         Punch             |       |     1 |       |     1 ||     2
         War axe           |       |       |       |     2 ||     2
   Cast: Magic Dart        |    37 |    13 |     9 |     5 ||    64
         Searing Ray       |     3 |    20 |    33 |    30 ||    86
         Iskenderun's Myst |       |     2 |    39 |    82 ||   123
         Fulminant Prism   |       |       |     5 |    11 ||    16
         Mephitic Cloud    |       |       |       |     5 ||     5
  Evoke: Wand              |       |       |    14 |    10 ||    24
    Use: Scroll            |       |       |    12 |     6 ||    18
         Potion            |       |       |     3 |     2 ||     5
   Stab: Sleeping          |     1 |     4 |     2 |       ||     7
 Armour: Robe              |    11 |    12 |    60 |       ||    83
         Swamp dragon scal |       |       |    49 |   111 ||   160
  Dodge: Dodged            |    27 |    51 |   153 |    85 ||   316

Table legend: (Time is in decaauts)
 A = Elapsed time spent in this place.
 B = Non-inter-level travel time spent in this place.
 C = Inter-level travel time spent in this place.
 D = Time resting spent in this place.
 E = Time spent auto-exploring this place.
 F = Levels seen in this place.
 G = Mean time per level.
                   A        B        C        D        E       F      G
               +--------+--------+--------+--------+--------+-----+--------+
         Total |   8094 |   7464 |    630 |     16 |      0 |  14 |  578.1 |
       Dungeon |   7809 |   7179 |    630 |     16 |      0 |  12 |  650.8 |
        Temple |     15 |     15 |      0 |      0 |      0 |   1 |   15.0 |
        Bailey |    269 |    269 |      0 |      0 |      0 |   1 |  269.0 |
               +--------+--------+--------+--------+--------+-----+--------+

Top non-repeatable levels by time:
     D:2: 834 daAuts
     D:9: 796 daAuts
     D:1: 786 daAuts
     D:5: 772 daAuts
    D:11: 770 daAuts
    D:10: 737 daAuts
     D:7: 716 daAuts
     D:4: 635 daAuts
     D:6: 536 daAuts
     D:3: 499 daAuts
     D:8: 475 daAuts
  Bailey: 269 daAuts
    D:12: 248 daAuts
  Temple: 15 daAuts
